AoeStats
← ITVE | Jose.Antonio.Paez

Arabia

509710179Analyzed
1v1 RM · 4d ago on Sep 27, 2026· 29m 6s· 2 players
Game mode
Random Map
Map size
Tiny (2 player)
Population
200
Speed
Normal
Resources
Standard
Victory
Conquest
Starting age
Dark Age
Ending age
Imperial Age
RankedLock teamsTeams togetherTeam positionsShared explorationLock speedFull tech treeHidden civsTurbo modeCheats
Victory
Defeat
🇺🇸 Romans · United States
1106
+16
🇮🇹 Danes · Italy
1100
-16
GecTM
6:55 Loom
9:17 Feudal Age
9:55 Man-at-Arms
10:50 Double-Bit Axe
15:52 Forging
19:36 Castle Age
17:56 Scale Mail Armor
ITVE | Jose.Antonio.Paez
4:33 Loom
10:12 Feudal Age
15:29 Castle Age
Connection lost

Rejoining the realm…

Still unreachable

The connection could not be restored.

Session expired

The server has moved on; the page needs a fresh start.